 Dungeon Crawl Stone Soup version 0.28-a0-980-g3664467d6e (webtiles) character file.

Game seed: 1192383590676310874

1563 Htamos the Changer (level 8, 0/40 HPs)
             Began as a Spriggan Venom Mage on Dec 2, 2021.
             Slain by a human (7 damage)
             ... on level 6 of the Dungeon.
             The game lasted 00:18:08 (6970 turns).

Htamos the Changer (Spriggan Venom Mage)            Turns: 6970, Time: 00:18:09

Health: 0/40       AC:  2    Str:  6    XL:     8   Next: 58%
Magic:  6/17       EV: 19    Int: 17    God:
Gold:   292        SH:  0    Dex: 15    Spells: 12/18 levels left

rFire   . . .      SeeInvis +   b - +5 trident
rCold   . . .      Faith    .   (shield currently unavailable)
rNeg    . . .      Spirit   .   a - +0 robe
rPois   .          Reflect  .   (helmet restricted)
rElec   .          Harm     .   (no cloak)
rCorr   .          Rampage  .   (gloves unavailable)
Will    +....                   (boots unavailable)
Stlth   +++.......              (no amulet)
HPRegen 0.13/turn               (no ring)
MPRegen 0.15/turn               (no ring)

@: very quick
A: very small, no large weapons, unfitting armour, see invisible, speed 3
a: no special abilities


You were on level 6 of the Dungeon.
You visited 1 branch of the dungeon, and saw 6 of its levels.

You collected 292 gold pieces.

Inventory:

Hand Weapons
 b - a +5 trident (weapon)
 d - a +0 whip
Armour
 a - a +0 robe (worn)
 s - a +0 buckler
Jewellery
 g - an amulet of reflection
 m - a ring of positive energy
Wands
 u - a wand of iceblast (18)
Scrolls
 e - a scroll of fear {unknown}
 f - a scroll of teleportation
 h - 2 scrolls of immolation
 l - 2 scrolls of fog
 p - a scroll of torment {unknown}
 q - a scroll of enchant weapon
Potions
 c - 3 potions of invisibility {unknown}
 i - 4 potions of heal wounds
 j - a potion of might {unknown}
 k - 2 potions of curing {unknown}
 n - a potion of lignification {unknown}
 o - 3 potions of mutation {unknown}
 r - a potion of magic {unknown}
 t - a potion of resistance {unknown}
 v - a potion of ambrosia {unknown}
 w - a potion of haste {unknown}


   Skills:
 + Level 3.0 Fighting
 + Level 1.1 Polearms
 + Level 5.6 Dodging
 + Level 6.7 Stealth
 - Level 1.0 Shields
 + Level 5.5 Spellcasting
 * Level 7.5 Transmutations
 + Level 4.9 Poison Magic


You had 12 spell levels left.
You knew the following spells:

 Your Spells              Type           Power      Damage    Failure   Level
a - Sting                 Tmut/Pois      100%       1d8       1%          1
b - Poisonous Vapours     Pois/Air       26%        N/A       8%          2
c - Mephitic Cloud        Conj/Pois/Air  10%        N/A       21%         3

Your spell library contained the following spells:

 Spells                   Type           Power      Damage    Failure   Level
 Olgreb's Toxic Radiance  Pois           21%        N/A       19%         4
 Gell's Gravitas          Tloc           4%         N/A       38%         3
 Lesser Beckoning         Tloc           4%         N/A       38%         3
 Teleport Other           Tloc           4%         N/A       38%         3


Dungeon Overview and Level Annotations

Branches:
Dungeon (6/15)
 Temple: D:4-7

Altars:
Ashenzari
Dithmenos
Uskayaw
Xom
Zin

Shops:
D:2 (   D:3 =


Innate Abilities, Weirdness & Mutations

You are very small and have problems with some larger weapons.
You are too small for most types of armour.
You have supernaturally acute eyesight. (SInv)
You cover ground extremely quickly. (Speed+++)


Message History

Confirm with . or Enter, or press ? or * to list all spells.
Aiming: Sting (safe; 1% risk of failure)
Press: ? - help, Shift-Dir - straight line, f/p - human
Aim: a human, wielding a +0 flail, wearing a +0 ring mail and quivering stones (lightly wounded, poisoned, 72% to hit)
The sting misses the human.
The human reads a scroll.
Wisps of shadow swirl around the human.
Unknown command.
Casting: Sting (safe; 1% risk of failure)
Confirm with . or Enter, or press ? or * to list all spells.
Aiming: Sting (safe; 1% risk of failure)
Press: ? - help, Shift-Dir - straight line, f/p - human
Aim: a human, wielding a +0 flail, wearing a +0 ring mail and quivering stones (lightly wounded, poisoned, 72% to hit)
The sting hits the human.
The human looks even sicker.
The human is lightly wounded.
The human misses you.
Casting: Sting (safe; 1% risk of failure)
Confirm with . or Enter, or press ? or * to list all spells.
Aiming: Sting (safe; 1% risk of failure)
Press: ? - help, Shift-Dir - straight line, f/p - human
Aim: a human, wielding a +0 flail, wearing a +0 ring mail and quivering stones (lightly wounded, very poisoned, 72% to hit)
The sting hits the human.
The human looks even sicker.
The human is moderately wounded.
The human hits you with a +0 flail!
Casting: Sting (safe; 1% risk of failure)
Confirm with . or Enter, or press ? or * to list all spells.
Aiming: Sting (safe; 1% risk of failure)
Press: ? - help, Shift-Dir - straight line, f/p - human
Aim: a human, wielding a +0 flail, wearing a +0 ring mail and quivering stones (moderately wounded, very poisoned, 72% to hit)
The sting hits the human but does no damage.
The human looks as sick as possible!
The human is moderately wounded.
The human hits you with a +0 flail!
* * * LOW HITPOINT WARNING * * *
Unknown command.
A wight comes into view.
It is wielding a +3 war axe of freezing.
A human comes into view. It is wielding a +0 club.
You hit the human but do no damage.
The human is severely wounded.
The human hits you with a +0 flail!
You die...

######## #......#
#......# .
#......########....
#....ZggZp@...z....
#....pg###########.
#......# #......# .
#......###..pz
#####>........
###....... .....##
.....#


You could see 2 humans, a wight, 3 gnolls, a bullfrog skeleton (summoned) and a
centaur skeleton (summoned).

Vanquished Creatures
  Grinder (D:3)
  Eustachio (D:4)
  A sky beast (D:5)
  A black bear (D:5)
  A necrophage (D:5)
  A centaur (D:5)
  An ogre (D:5)
  A gnoll sergeant (D:5)
  2 scorpions
  2 water moccasin skeletons (D:5)
  2 jellies
  3 hounds
  A centaur zombie (D:5)
  A centaur skeleton (D:5)
  An iguana (D:5)
  2 orc wizards (D:5)
  A hound zombie (D:5)
  8 gnolls
  2 adders
  A shadow imp (D:5)
  An ufetubus (D:5)
  2 worms (D:3)
  A dart slug (D:1)
  9 orcs
  4 bats (D:1)
  10 endoplasms
  7 giant cockroaches
  4 hobgoblins
  7 jackals
  5 quokkas
  7 ball pythons
  3 frilled lizards
  4 goblins
  2 kobolds
  3 rats
103 creatures vanquished.

Notes
Turn   | Place    | Note
-------+----------+-------------------------------------------
     0 | D:1      | Htamos the Spriggan Venom Mage began the quest for the Orb.
     0 | D:1      | Reached XP level 1. HP: 9/9 MP: 5/5
   259 | D:1      | Reached XP level 2. HP: 13/13 MP: 2/6
   304 | D:1      | Reached skill level 2 in Transmutations
   544 | D:1      | Found a faded altar of an unknown god.
   852 | D:1      | Reached XP level 3. HP: 17/17 MP: 3/8
  1599 | D:2      | Found Kagramume's Weapon Shop.
  2269 | D:3      | Reached skill level 3 in Transmutations
  2300 | D:3      | Found Qudonwoph's Jewellery Boutique.
  2863 | D:3      | Reached XP level 4. HP: 21/21 MP: 5/9
  2966 | D:4      | Learned a level 2 spell: Poisonous Vapours
  2970 | D:4      | Learned a level 3 spell: Mephitic Cloud
  2986 | D:4      | Noticed Eustachio
  3030 | D:4      | Killed Eustachio
  3031 | D:4      | Reached skill level 1 in Fighting
  3031 | D:4      | Reached skill level 4 in Transmutations
  3031 | D:4      | Reached XP level 5. HP: 13/25 MP: 5/11
  3394 | D:4      | Found a shadowy altar of Dithmenos.
  3395 | D:4      | Found a hide-covered altar of Uskayaw.
  3399 | D:4      | Found a shimmering altar of Xom.
  3502 | D:4      | Noticed Grinder
  3577 | D:3      | Killed Grinder
  3578 | D:3      | Reached skill level 5 in Stealth
  3578 | D:3      | Reached skill level 5 in Transmutations
  3578 | D:3      | Reached XP level 6. HP: 29/30 MP: 2/13
  4094 | D:4      | Found a broken altar of Ashenzari.
  4483 | D:5      | Entered Level 5 of the Dungeon
  4493 | D:4      | Reached XP level 7. HP: 34/34 MP: 5/14
  5018 | D:5      | Reached skill level 6 in Transmutations
  5425 | D:5      | Reached skill level 1 in Shields
  5439 | D:5      | Reached skill level 5 in Dodging
  5784 | D:5      | Reached skill level 5 in Spellcasting
  5784 | D:5      | Reached XP level 8. HP: 24/39 MP: 8/16
  6043 | D:5      | Reached skill level 7 in Transmutations
  6497 | D:5      | Found a glowing silver altar of Zin.
  6550 | D:5      | Reached skill level 1 in Polearms
  6970 | D:6      | Slain by a human

Illustrated notes

Levels and vault maps discovered:
D:1:      evilmike_arrival_fibonacci_small, layout_rooms,
          chequers_ecumenical_altar_simple_redux, amethyst_killhole
D:2:      layout_loops_ring, serial_shops, nicolae_square_shop
D:3:      layout_basic, serial_shops, nicolae_shop_statue_plus,
          minmay_misc_feat_tower
D:4:      layout_basic, kennysheep_little_box, minitemple, uniq_eustachio,
          uniq_grinder
D:5:      layout_loops_ring, zin_scriptorium, minmay_increasing_density
D:6:      layout_basic, grunt_gozag_statues,
          minmay_temple_entry_statues_fountains, biasface_ghost_orc_armoury,
          minmay_ruffians

Skill      XL: |  1  2  3  4  5  6  7  8 |
---------------+-------------------------+-----
Transmutations | 2 3 4 5 6 7 |  7.5
Dodging        | 3 4 5 |  5.6
Spellcasting   | 3 4 5 |  5.5
Fighting       | 1 2 3 |  3.0
Stealth        | 4 5 6 |  6.7
Poison Magic   | 4 |  4.9
Shields        | 1 |  1.0
Polearms       | 1 |  1.1

Action                   |  1- 3 |  4- 6 |  7- 9 || total
-------------------------+-------+-------+-------++-------
Melee: Unarmed           |     1 |       |       ||     1
       Whip              |    23 |     5 |    55 ||    83
       Trident           |       |       |    35 ||    35
 Cast: Sting             |   103 |    56 |    50 ||   209
       Poisonous Vapours |       |     6 |    39 ||    45
Evoke: Wand              |       |       |     4 ||     4
  Use: Scroll            |       |       |     6 ||     6
 Stab: Sleeping          |       |       |     2 ||     2
Armor: Robe              |     5 |     1 |     5 ||    11
Dodge: Dodged            |    29 |    22 |   103 ||   154
Block: Buckler           |       |     1 |    18 ||    19

Table legend: (Time is in decaauts)
 A = Elapsed time spent in this place.
 B = Non-inter-level travel time spent in this place.
 C = Inter-level travel time spent in this place.
 D = Time resting spent in this place.
 E = Time spent auto-exploring this place.
 F = Levels seen in this place.
 G = Mean time per level.
                   A        B        C        D        E       F      G
               +--------+--------+--------+--------+--------+-----+--------+
         Total |   5544 |   5466 |     78 |    304 |   4193 |   6 |  924.0 |
       Dungeon |   5544 |   5466 |     78 |    304 |   4193 |   6 |  924.0 |
               +--------+--------+--------+--------+--------+-----+--------+

Top non-repeatable levels by time:
     D:5: 1958 daAuts
     D:4: 1129 daAuts
     D:1: 921 daAuts
     D:3: 777 daAuts
     D:2: 705 daAuts
     D:6: 52 daAuts
